 Dungeon Crawl Stone Soup version 0.27-a0-1525-g1038ab4fd7 (webtiles) character file.

Game seed: 13828706857191618472

228 trckry the Firebug (level 5, -3/28 HPs)
             Began as a Deep Elf Fire Elementalist on July 11, 2021.
             Slain by a goblin (6 damage)
             ... led by Robin
             ... on level 4 of the Dungeon.
             The game lasted 00:05:29 (3403 turns).

trckry the Firebug (Deep Elf Fire Elementalist)     Turns: 3403, Time: 00:05:30

Health: -3/28      AC:  2    Str:  6    XL:     5   Next: 70%
Magic:  1/13       EV: 12    Int: 20    God:
Gold:   174        SH:  0    Dex: 15    Spells: 11/12 levels left

rFire    . . .     SeeInvis .   c - +0 dagger (elec)
rCold    . . .     Faith    .   (no shield)
rNeg     . . .     Spirit   .   a - +0 robe
rPois    .         Reflect  .   (no helmet)
rElec    .         Harm     .   (no cloak)
rCorr    .         Rampage  .   (no gloves)
Will     .....                  (no boots)
Stlth    ++........             (no amulet)
HPRegen  0.09/turn              (no ring)
MPRegen  0.13/turn              (no ring)

@: no status effects
A: no striking features
a: no special abilities


You were on level 4 of the Dungeon.
You visited 1 branch of the dungeon, and saw 4 of its levels.

You collected 174 gold pieces.

Inventory:

Hand Weapons
 c - a +0 dagger of electrocution (weapon)
 i - a +1 short sword of draining
Armour
 a - a +0 robe (worn)
Wands
 e - a wand of digging (3)
 o - a wand of charming (9)
Scrolls
 b - 2 scrolls of torment {unknown}
 f - 2 scrolls of teleportation {unknown}
 g - a scroll of identify {unknown}
 h - a scroll of noise {unknown}
 k - a scroll of magic mapping {unknown}
 l - a scroll of fear {unknown}
 m - 2 scrolls of fog {unknown}
Potions
 d - a potion of degeneration {unknown}
 j - a potion of attraction {unknown}
 n - a potion of mutation {unknown}


   Skills:
 - Level 2.4 Dodging
 - Level 2.4 Stealth
 + Level 4.4 Spellcasting
 * Level 4.0 Conjurations
 * Level 5.1 Fire Magic


You had 11 spell levels left.
You knew the following spells:

 Your Spells              Type           Power      Damage    Failure   Level
a - Foxfire               Conj/Fire      88%        2x1d8     1%          1

Your spell library contained the following spells:

 Spells                   Type           Power      Damage    Failure   Level
 Magic Dart               Conj           80%        1d7       2%          1
 Searing Ray              Conj           40%        3d4       3%          2
 Conjure Flame            Conj/Fire      22%        6-21      5%          3
 Animate Skeleton         Necr           8%         N/A       12%         1
 Apportation              Tloc           8%         N/A       12%         1
 Corona                   Hex            4%         N/A       12%         1
 Summon Small Mammal      Summ           16%        N/A       12%         1
 Inner Flame              Hex/Fire       14%        N/A       13%         3
 Sticky Flame             Conj/Fire      22%        2d4       19%         4
 Fireball                 Conj/Fire      11%        3d7       45%         5
 Fulminant Prism          Conj/Hex       6%         3d7       47%         4


Dungeon Overview and Level Annotations

Branches:
Dungeon (4/15)
 Temple: D:4-7

Altars:

Annotations:
D:4 Robin


Message History

Robin is severely wounded.
You hit Robin but do no damage.
Robin is severely wounded.
Robin hits you with a +0 short sword.
You take 4 damage, and have 12/28 hp.
Casting: Foxfire (safe; 1% risk of failure)
Confirm with . or Enter, or press ? or * to list all spells.
You conjure some foxfire!
Robin barely misses you.
You now have 0/13 mp. 4 goblins come into view.
The goblin shouts!
You hear an angry hiss.
The foxfire hits Robin but does no damage.
Robin is severely wounded.
The foxfire hits Robin but does no damage.
Robin is severely wounded.
A goblin comes into view. It is wielding a +0 club.
The goblin unwields a +0 club.
The goblin wields a +0 hunting sling.
The goblin shoots a stone.
The stone hits you.
A goblin comes into view. It is wielding a +0 dagger.
The goblin moves out of view.
You take 2 damage, and have 10/28 hp.
A goblin comes into view. It is wielding a +0 club.
Robin hits you with a +0 short sword.
You take 1 damage, and have 9/28 hp.
The goblin shoots a stone.
The stone barely misses you.
Robin roars a battlecry!
The goblins go into a battle-frenzy!
Robin roars a battlecry!
The goblins go into a battle-frenzy!
You hear an angry hiss.
Robin throws the goblin at you!
* * * LOW HITPOINT WARNING * * *
You take 1 damage, and have 8/28 hp.
The goblin hits you with a +0 club.
* * * LOW HITPOINT WARNING * * *
The goblin shoots a stone.
The stone hits you.
* * * LOW HITPOINT WARNING * * *
You take 5 damage, and have 3/28 hp.
The goblin hits you with a +0 club.
You die...

....g##.######## #..
...[g....)......
......
#.#..gg.#######
.#.#..
########.g####### #.#
................# #.
#########..####.# #
#.....#.. #.##.g#.#
#.##@.#.# #.#
#.###.#.# #.#########
#.# #...# #.#......†.
..# #...# #.#.#######
#.# #...# #.#.# #..
#.#<..#.###.#.# #..
#######..##.#.# #..
.........##.#.#####..
########.#........#..


You could see Robin and 3 goblins.

Vanquished Creatures
  A black bear (D:4)
  A hound (D:4)
  3 adders
  2 worms
  7 ball pythons
  6 bats
  4 endoplasms
  3 giant cockroaches
  9 goblins
  3 hobgoblins
  7 jackals
  5 quokkas
  A frilled lizard (D:1)
  8 kobolds
  5 rats
65 creatures vanquished.

Vanquished Creatures (others)
  210 foxfires
210 creatures vanquished.

Grand Total: 275 creatures vanquished

Notes
Turn   | Place    | Note
-------+----------+-------------------------------------------
     0 | D:1      | trckry the Deep Elf Fire Elementalist began the quest for
                  | the Orb.
     0 | D:1      | Reached XP level 1. HP: 10/10 MP: 6/6
   180 | D:1      | Reached XP level 2. HP: 15/15 MP: 6/8
  1049 | D:2      | Reached XP level 3. HP: 19/19 MP: 3/9
  1268 | D:2      | Reached skill level 4 in Fire Magic
  2096 | D:3      | Found a faded altar of an unknown god.
  2875 | D:3      | Reached XP level 4. HP: 24/24 MP: 7/11
  3381 | D:4      | Noticed a black bear
  3385 | D:4      | Noticed Robin
  3391 | D:4      | Killed a black bear
  3392 | D:4      | Reached skill level 5 in Fire Magic
  3392 | D:4      | Reached XP level 5. HP: 18/28 MP: 1/13
  3402 | D:4      | HP: 3/28 [goblin/stone[Robin] (2)]
  3403 | D:4      | Slain by a goblin

Illustrated notes

Levels and vault maps discovered:
D:1:      dpeg_arrival_tiny_a, layout_loops_ring, st_stairs_8,
          minmay_misc_feat_tiny, minmay_stone_trees_medium
D:2:      layout_rooms
D:3:      layout_basic, hellmonk_ecumenical_altar_crossroads,
          kennysheep_generic_room_8
D:4:      layout_basic, uniq_pikel, uniq_robin

Skill      XL: |  1  2  3  4 |
---------------+-------------+-----
Conjurations   | 2 4 |  4.0
Fire Magic     | 4 5 |  5.1
Spellcasting   | 4 |  4.4
Dodging        | |  2.4
Stealth        | |  2.4

Action                   |  1- 3 |  4- 6 || total
-------------------------+-------+-------++-------
Melee: Dagger            |     1 |    15 ||    16
 Cast: Foxfire           |    97 |    34 ||   131
Armor: Robe              |     7 |     2 ||     9
Dodge: Dodged            |    25 |    14 ||    39

Table legend: (Time is in decaauts)
 A = Elapsed time spent in this place.
 B = Non-inter-level travel time spent in this place.
 C = Inter-level travel time spent in this place.
 D = Time resting spent in this place.
 E = Time spent auto-exploring this place.
 F = Levels seen in this place.
 G = Mean time per level.
                   A        B        C        D        E       F      G
               +--------+--------+--------+--------+--------+-----+--------+
         Total |   3401 |   3276 |    125 |      0 |   2907 |   4 |  850.2 |
       Dungeon |   3401 |   3276 |    125 |      0 |   2907 |   4 |  850.2 |
               +--------+--------+--------+--------+--------+-----+--------+

Top non-repeatable levels by time:
     D:3: 1416 daAuts
     D:1: 929 daAuts
     D:2: 650 daAuts
     D:4: 404 daAuts
